 Dungeon Crawl Stone Soup version 0.18.1-48-g4cf74bf (webtiles) character file.

126 Heedrag the Conjurer (level 4, -2/24 HPs)
             Began as a Deep Elf Conjurer on Aug 5, 2016.
             Slain by Heedrag's ghost (5 damage)
             ... on level 3 of the Dungeon.
             The game lasted 00:04:51 (2246 turns).

Heedrag the Conjurer (Deep Elf Conjurer)            Turns: 2246, Time: 00:04:52

Health: -2/24      AC:  3    Str:  6    XL:     4   Next: 84%
Magic:  12/12      EV: 13    Int: 20    God:
Gold:   119        SH:  0    Dex: 15    Spells: 3 memorised, 4 levels left

rFire  . . .     SeeInvis .     f - +0 short sword
rCold  . . .     Gourm    .     a - +0 robe
rNeg   . . .     Faith    .     (no shield)
rPois  .         Spirit   .     (no helmet)
rElec  .         Dismiss  .     (no cloak)
rCorr  .         Reflect  .     (no gloves)
SustAt .         Harm     .     h - +0 pair of boots
MR     .....                    (no amulet)
Stlth  +.........               (no ring)
                                (no ring)

@: confused, not resistant to hostile enchantments, very unstealthy
A: no striking features
a: no special abilities


You were on level 3 of the Dungeon.
You were not hungry.

You visited 1 branch of the dungeon, and saw 3 of its levels.

You collected 119 gold pieces.

Inventory:

Hand Weapons
 f - a +0 short sword (weapon)
Armour
 a - a +0 robe (worn)
 h - a +0 pair of boots (worn)
Scrolls
 d - 3 scrolls of blinking {unknown}
 g - 4 scrolls of identify {unknown}
 i - a scroll of teleportation {unknown}
 k - a scroll of random uselessness {unknown}
 n - a scroll of noise {unknown}
 q - a scroll of amnesia {unknown}
Potions
 e - 2 potions of haste {unknown}
 j - a potion of agility {unknown}
 l - a potion of magic {unknown}
 m - a potion of cancellation {unknown}
 o - a potion of brilliance {unknown}
 p - 3 potions of flight {unknown}
Books
 b - a book of Conjurations

   Spells                             Type                      Level
   a - Magic Dart                     Conjuration                  1
   b - Searing Ray                    Conjuration                  2
   c - Dazzling Spray                 Conjuration/Hexes            3
   d - Fulminant Prism                Conjuration/Hexes            4
   e - Iskenderun's Mystic Blast      Conjuration                  4
   f - Iskenderun's Battlesphere      Conjuration/Charms           5
Comestibles
 c - 4 bread rations
 r - a chunk of flesh
 s - a meat ration
 t - a royal jelly


   Skills:
 - Level 2.4 Dodging
 - Level 2.4 Stealth
 + Level 4.6 Spellcasting
 * Level 6.1 Conjurations


You had 4 spell levels left.
You knew the following spells:

 Your Spells              Type           Power        Failure   Level  Hunger
a - Magic Dart            Conj           ####         1%          1    None
b - Dazzling Spray        Conj/Hex       ###...       12%         3    ##.....
c - Iskenderun's Mystic   Conj           ####....     12%         4    ####...


Dungeon Overview and Level Annotations

Branches:
Dungeon (3/15)

Altars:
Elyvilon
Yredelemnul

Annotations:
D:3 Grinder; Heedrag's ghost, amateur DECj


Message History

Castin': Magic Dart Confirm wit' . or Enter, or press ? or * ta list all spells.
Aimin': Magic Dart
Press: ? - help, Shift-Dir - straight line, f - Heedrag's ghost
Aim: Heedrag's ghost (hasn't noticed ye) Okay, than.
Castin': Magic Dart Confirm wit' . or Enter, or press ? or * ta list all spells.
Okay, than.
Heedrag's ghost turns its malevolent gaze towards ye.
Heedrag's ghost hits ye.
Ye completely miss Heedrag's ghost.
Heedrag's ghost hits ye.
Heedrag's ghost points at ye an' mumbles some strange words.
Tha spray o' energy hits ye!
Ye be confused.
Heedrag's ghost points at ye an' mumbles some strange words.
Tha magic dart hits ye!
* * * LOW HITPOINT WARNIN'
* * * Heedrag's ghost hits ye.
Ye die...

#.).# #. #§§§# #. #.§†#
#.# #§§§# #.. #...#####
#######. ##...##.#
#....)#.
#.#.##.#########.###.##
#..#.#.#.........# #...
#.###.@#.#######.###...
#..#.#W#.### #.....##
#...##.#...# #####.##
#..###.#.#.# #.##
#........#.####### ####
#........#).......
##..##.#.#.####.##
#..##.#.#.# #..##.#.#.#


You could see Heedrag's ghost.

Vanquished Creatures
  3 adders
  4 gnolls (D:3)
  An ooze (D:1)
  2 worms (D:2)
  A giant gecko (D:2)
  2 orcs (D:3)
  4 giant cockroaches
  3 goblins
  5 hobgoblins
  2 quokkas (D:2)
  9 bats
  3 giant newts (D:2)
  8 kobolds
  3 rats
50 creatures vanquished.

Vanquished Creatures (others)
  2 orcs (D:3)
2 creatures vanquished.

Grand Total: 52 creatures vanquished

Notes
Turn   | Place    | Note
--------------------------------------------------------------
     0 | D:1      | Heedrag the Deep Elf Conjurer began the quest for the Orb.
     0 | D:1      | Reached XP level 1. HP: 10/10 MP: 6/6
   132 | D:1      | Reached XP level 2. HP: 15/15 MP: 2/8
  1103 | D:2      | Reached skill level 5 in Conjurations
  1113 | D:2      | Reached XP level 3. HP: 9/19 MP: 0/10
  1118 | D:2      | Learned a level 3 spell: Dazzling Spray
  1268 | D:2      | Found a basalt altar of Yredelemnul.
  1344 | D:2      | Found a white marble altar of Elyvilon.
  1883 | D:3      | Reached XP level 4. HP: 24/24 MP: 8/12
  1962 | D:3      | Learned a level 4 spell: Iskenderun's Mystic Blast
  2040 | D:3      | Reached skill level 6 in Conjurations
  2160 | D:3      | Noticed Grinder
  2224 | D:3      | Noticed Heedrag's ghost (amateur DECj)
  2246 | D:3      | Slain by Heedrag's ghost

Skill      XL: |  1  2  3  4 |
---------------+-------------+-----
Conjurations   | 5 6 |  6.1
Spellcasting   | 4 |  4.6
Dodging        | |  2.4
Stealth        | |  2.4

Action                   |  1- 3 |  4- 6 || total
-------------------------+-------+-------++-------
Melee: Short sword       |     6 |     5 ||    11
 Cast: Magic Dart        |    87 |    30 ||   117
  Eat: Chunk             |     3 |     1 ||     4
Armor: Robe              |     4 |     3 ||     7
Dodge: Dodged            |    20 |     5 ||    25
